 Dungeon Crawl Stone Soup version 0.31-a0-331-geda263f (webtiles) character file.

Game seed: 7403294124388327812

374 TWOBALLS the Slasher (level 6, -12/32 HPs)
             Began as a Vine Stalker Fighter on July 17, 2023.
             Killed from afar by Pikel (17 damage)
             ... with a bolt of dispelling energy
             ... on level 4 of the Dungeon on July 19, 2023.
             The game lasted 00:08:31 (3223 turns).

TWOBALLS the Slasher (Vine Stalker Fighter)         Turns: 3223, Time: 00:08:31

Health: -12/32     AC:  8    Str: 20    XL:     6   Next: 72%
Magic:  0/7        EV:  9    Int:  8    God:
Gold:   92         SH:  4    Dex: 14    Spells: 5/5 levels left

rFire   . . .        a - +0 long sword
rCold   . . .        c - +0 buckler
rNeg    . . .        b - +0 scale mail
rPois   .            s - +0 helmet
rElec   .            (no cloak)
rCorr   .            f - +0 pair of gloves
SInv    .            (no boots)
Will    .....        (no amulet) Stlth
                     (no ring)
HPRegen 1.05/turn    (no ring)
MPRegen 0.10/turn

%: guardian spirit
@: no status effects
A: fangs 2, regeneration 1, magic shield, antimagic bite, no potion heal 2
a: no special abilities


You were on level 4 of the Dungeon.
You visited 1 branch of the dungeon, and saw 4 of its levels.
You also visited: Sewer.

You collected 92 gold pieces.

Inventory:

Hand Weapons
 a - a +0 long sword (weapon)
Armour
 b - a +0 scale mail (worn)
 c - a +0 buckler (worn)
 f - a +0 pair of gloves (worn)
 s - a +0 helmet (worn)
Jewellery
 g - a ring of wizardry
 r - a +5 ring of evasion
Wands
 k - a wand of polymorph (7)
Scrolls
 e - 2 scrolls of vulnerability {unknown}
 i - 2 scrolls of identify {unknown}
 j - a scroll of teleportation {unknown}
 l - a scroll of enchant armour {unknown}
 m - a scroll of enchant weapon {unknown}
 p - a scroll of poison {unknown}
 t - a scroll of fear {unknown}
Potions
 d - 2 potions of might
 h - a potion of haste {unknown}
 n - a potion of curing
 o - 2 potions of enlightenment
 q - a potion of cancellation {unknown}


   Skills:
 - Level 2.6 Fighting
 + Level 6.3 Long Blades
 - Level 2.4 Armour
 - Level 2.6 Shields


You had 5 spell levels left.
You didn't know any spells.
Your spell library contained the following spells:

 Spells                   Type           Power      Damage    Failure   Level
 Foxfire                  Conj/Fire      0%         2x1d4     85%         1
 Slow                     Hex            0%         N/A       85%         1
 Scorch                   Fire           0%         2d5       94%         2
 Confusing Touch          Hex            0%         N/A       99%         3
 Vampiric Draining        Necr           0%         2d6       99%         3
 Flame Wave               Conj/Fire      0%         2d4       100%        4
 Plasma Beam              Fire/Air       0%         2x1d10    100%        6
 Starburst                Conj/Fire      0%         6d3       100%        6
 Summon Cactus Giant      Summ           0%         N/A       100%        6


Dungeon Overview and Level Annotations

Branches:
Dungeon (4/15)              Sewer (visited)
 Temple: D:4-7

Altars:
Fedhas

Shops:
D:4 *

Annotations:
D:4 Pikel


Innate Abilities, Weirdness & Mutations

You have extremely sharp teeth.
Your natural rate of healing is unusually fast.
When hurt, damage is shared between your health and your magic reserves.
Your bite disrupts and absorbs the magic of your enemies.
Potions cannot restore your health.


Message History

Pikel burns you.
Pikel says, "You'll make a fine lemure."
Pikel barely misses you.
You closely miss Pikel.
Pikel is moderately wounded.
Pikel hits you with a +1 whip of flaming.
Pikel burns you. Pikel attacks as you move away!
Pikel hits you with a +1 whip of flaming!
* * * LOW HITPOINT WARNING * * *
Pikel burns you.
* * * LOW HITPOINT WARNING * * *
You hit Pikel. You bite Pikel. You drain his power.
You feel invigorated.
Pikel is severely wounded.
Pikel hits you but does no damage.
You closely miss Pikel. Your bite misses Pikel.
Pikel is severely wounded.
Pikel hits you with a +1 whip of flaming.
* * * LOW HITPOINT WARNING * * *
Pikel burns you.
* * * LOW HITPOINT WARNING * * *
You slash Pikel!
Pikel is severely wounded.
Pikel hits you with a +1 whip of flaming.
* * * LOW HITPOINT WARNING * * *
Pikel burns you.
* * * LOW HITPOINT WARNING * * *
You hit Pikel but do no damage. You bite Pikel. You drain his power.
You feel invigorated.
Pikel is almost dead.
Pikel hits you with a +1 whip of flaming.
* * * LOW HITPOINT WARNING * * *
Pikel burns you.
* * * LOW HITPOINT WARNING * * *
You closely miss Pikel. You bite Pikel, but do no damage.
Pikel is almost dead.
Pikel zaps a wand.
The bolt of dispelling energy hits you!!
Ouch! That really hurt!
You die...

#..## ##...#
#...####...#
##........#
##........#
##...)##...#
##...#####..##
##...## ##..#
###...## #..##
#>.@### #..^##
##K## ##...##
##.# ##......
5# ##.......
55 ##........
#.#
###...##....
..
#....####...
.......###
###. ####..##
#.


You could see Pikel.

Vanquished Creatures
  An ogre (D:4)
  A lemure (D:4)
  A kobold brigand (Sewer)
  Robin (D:3)
  3 gnolls (D:3)
  5 adders
  A river rat (D:3)
  A white imp (D:3)
  A worm (D:4)
  4 dart slugs
  6 endoplasms
  2 giant cockroaches
  16 goblins
  18 hobgoblins
  2 jackals (Sewer)
  4 quokkas
  5 ball pythons
  4 bats (D:1)
  2 frilled lizards (D:1)
  10 kobolds
  11 rats
99 creatures vanquished.

Notes
Turn   | Place    | Note
-------+----------+-------------------------------------------
     0 | D:1      | TWOBALLS the Vine Stalker Fighter began the quest for the
                  | Orb.
     0 | D:1      | Reached XP level 1. HP: 11/11 MP: 2/2
    58 | D:1      | Reached skill level 2 in Long Blades
   146 | D:1      | Reached XP level 2. HP: 13/16 MP: 1/3
   329 | D:1      | Reached skill level 3 in Long Blades
   355 | D:1      | Reached XP level 3. HP: 11/19 MP: 4/4
  1170 | D:2      | Gained mutation: Your natural rate of healing is unusually
                  | fast. [Vine Stalker growth]
  1170 | D:2      | Reached XP level 4. HP: 21/23 MP: 3/5
  1286 | D:2      | Reached skill level 4 in Long Blades
  1724 | D:3      | Found a glowing drain.
  1788 | D:3      | Reached XP level 5. HP: 27/27 MP: 6/6
  1826 | Sewer    | Entered a sewer
  1886 | Sewer    | Noticed a kobold brigand
  1924 | Sewer    | Killed a kobold brigand
  1925 | Sewer    | Reached skill level 5 in Long Blades
  1980 | Sewer    | Found a white marble altar of Elyvilon.
  2331 | D:3      | Found a blossoming altar of Fedhas.
  2337 | D:3      | Upgraded the game from 0.31-a0-319-g4fced40 to
                  | 0.31-a0-331-geda263f
  2371 | D:3      | Reached XP level 6. HP: 32/32 MP: 7/7
  2471 | D:3      | Noticed Robin
  2487 | D:3      | Killed Robin
  2931 | D:4      | Found Zixurch's CLEARANCE SALE!.
  3111 | D:4      | Reached skill level 6 in Long Blades
  3206 | D:4      | Noticed Pikel
  3223 | D:4      | Killed from afar by Pikel

Illustrated notes

Levels and vault maps discovered:
D:1:      co_arrival_random_square_maze, layout_basic
D:2:      layout_basic, minmay_misc_feat_cross, st_stairs_7
D:3:      layout_basic, fedhas_ov_isle_minmay, portal_sewer_entry_a, uniq_robin
D:4:      layout_layer_cave, nicolae_shop_clearance, uniq_pikel,
          uniq_crazy_yiuf_cottage

Skill      XL: |  1  2  3  4  5  6 |
---------------+-------------------+-----
Long Blades    | 2 3 4 5 6 |  6.3
Fighting       | |  2.6
Armour         | |  2.4
Shields        | |  2.6

Action                     |  1- 3 |  4- 6 || total
---------------------------+-------+-------++-------
  Melee: Long sword        |   112 |   208 ||   320
         Bite              |    17 |    44 ||    61
 Armour: Scale mail        |    39 |    68 ||   107
  Dodge: Dodged            |    47 |   100 ||   147
  Block: Buckler           |    24 |    39 ||    63

Table legend: (Time is in decaauts)
 A = Elapsed time spent in this place.
 B = Non-inter-level travel time spent in this place.
 C = Inter-level travel time spent in this place.
 D = Time resting spent in this place.
 E = Time spent auto-exploring this place.
 F = Levels seen in this place.
 G = Mean time per level.
                   A        B        C        D        E       F      G
               +--------+--------+--------+--------+--------+-----+--------+
         Total |   3317 |   3249 |     68 |     47 |   2204 |   5 |  663.4 |
       Dungeon |   3090 |   3022 |     68 |     47 |   2100 |   4 |  772.5 |
         Sewer |    227 |    227 |      0 |      0 |    103 |   1 |  227.0 |
               +--------+--------+--------+--------+--------+-----+--------+

Top non-repeatable levels by time:
     D:1: 996 daAuts
     D:3: 992 daAuts
     D:2: 736 daAuts
     D:4: 365 daAuts
   Sewer: 227 daAuts
